 Dungeon Crawl Stone Soup version 0.29.0-4-gdea44cf6ec (webtiles) character file.

Game seed: 3668681647066381300

406 qw the Cleaver (level 6, -5/52 HPs)
             Began as a Minotaur Fighter on Sept 4, 2022.
             Slain by an orc warrior
             ... wielding a +0 trident
              (8 damage)
             ... on level 7 of the Dungeon.
             The game lasted 00:01:08 (2627 turns).

qw the Cleaver (Minotaur Fighter)                   Turns: 2627, Time: 00:01:08

Health: -5/52      AC: 14    Str: 22      XL:     6   Next: 56%
Magic:  5/5        EV:  7    Int:  4 (5)  God:
Gold:   148        SH:  4    Dex:  9 (10) Spells: 5/5 levels left

rFire   . . .      SeeInvis +   Y - +2 war axe
rCold   . . .      Faith    .   c - +0 buckler
rNeg    . . .      Spirit   .   m - +0 chain mail
rPois   .          Reflect  .   (helmet restricted)
rElec   .          Harm     .   e - +0 cloak
rCorr   .          Rampage  .   (no gloves)
Will    .....                   (no boots)
Stlth   ..........              (no amulet)
HPRegen 0.17/turn               f - +4 ring of protection
MPRegen 0.09/turn               i - ring of see invisible

@: about to teleport
A: horns 2, retaliatory headbutt
a: no special abilities


You were on level 7 of the Dungeon.
You visited 1 branch of the dungeon, and saw 5 of its levels.

You collected 148 gold pieces.


Innate Abilities, Weirdness & Mutations

You have a pair of horns on your head.
You reflexively headbutt those who attack you in melee.


   Skills:
 - Level 4.0 Fighting
 + Level 8.1 Axes
 - Level 3.6 Armour
 - Level 1.6 Dodging
 - Level 3.6 Shields


You had 5 spell levels left.
You didn't know any spells.
Your spell library was empty.

Inventory:

Hand Weapons
 g - a +0 flail
 Y - a +2 war axe (weapon)
Missiles
 j - 4 boomerangs (quivered)
Armour
 c - a +0 buckler (worn)
 e - a +0 cloak (worn)
 m - a +0 chain mail (worn)
 n - a +2 pair of boots
Jewellery
 b - the amulet "Rihiapt" {Harm Regen+}
   (You acquired it on level 3 of the Dungeon)

   [amulet of regeneration]

   Regen:     It increases your rate of health regeneration.
   Harm:      It increases damage dealt and taken.
 f - a +4 ring of protection (left hand)
 i - a ring of see invisible (right hand)
Scrolls
 l - 2 scrolls of teleportation
Potions
 a - a potion of haste {unknown}
 d - a potion of might
 h - a potion of attraction {unknown}
 k - a potion of curing {unknown}
 o - a potion of invisibility {unknown}

Dungeon Overview and Level Annotations

Branches:
Dungeon (4/15)
 Temple: D:4-7

Altars:


Message History

You block the orc priest's attack.
You slash the orc priest!
The orc priest is heavily wounded.
The orc priest hits you with a +0 dagger.
You closely miss the orc priest.
The orc priest is heavily wounded.
The orc warrior closely misses you.
The orc warrior hits you from afar with a +0 trident.
The orc priest invokes the aid of Beogh against you.
Pain shoots through your body!
You barely miss the orc priest. Your headbutt misses the orc priest.
The orc priest is heavily wounded.
The orc priest mumbles some strange prayers to Beogh against you.
Beogh smites you! You block the orc warrior's attack.
You closely miss the orc priest.
The orc shouts!
Your headbutt misses the orc priest.
The orc priest is heavily wounded.
The orc priest hits you with a +0 dagger.
You block the orc warrior's attack.
You slice the orc priest!!
You kill the orc priest!
The orc warrior hits you but does no damage.
Your Axes skill increases to level 8!
The orc warrior hits you with a +0 trident.
You slash the orc warrior!
The orc warrior is moderately wounded.
The orc warrior hits you with a +0 trident.
An orc warrior comes into view. It is wielding a +0 trident.
2626 ||| READING 3 scrolls of teleportation.
As you read the scroll of teleportation, it crumbles to dust.
You feel strangely unstable.
The orc warrior shouts!
The orc warrior hits you with a +0 trident!
You slash the orc warrior!
The orc warrior is severely wounded.
You completely miss the orc. The orc barely misses you.
The orc warrior hits you with a +0 trident!
You die...

#.#......###
....##..##
#.#.##..##
.........##
########..#
##.## #..##
##))# ##@#
#oo.....#
.#...##.. ..
...# ...
..... ....
...... .....
.o....#
......
......#


You could see 2 orc warriors and an orc.

Vanquished Creatures
  An ice beast (D:4)
  A bullfrog (D:7)
  A hound (D:3)
  An orc priest (D:7)
  Natasha (thrice) (D:2)
  3 gnolls (D:4)
  2 adders
  A worm (D:2)
  3 dart slugs
  2 orcs
  A bat (D:3)
  9 endoplasms
  10 giant cockroaches
  2 goblins
  8 hobgoblins
  5 jackals (D:2)
  A kobold (D:2)
  2 quokkas
  6 ball pythons
  A frilled lizard (D:2)
  2 rats
65 creatures vanquished.

Notes
Turn   | Place    | Note
-------+----------+-------------------------------------------
     0 | D:1      | qw the Minotaur Fighter began the quest for the Orb.
     0 | D:1      | Reached XP level 1. HP: 19/19 MP: 0/0
     0 | D:1      | 0 ||| qw: Version: 0.1-a-103-gd6f5d3a
     0 | D:1      | 0 ||| qw: Game counter: 5625
     0 | D:1      | 0 ||| qw: Always use a shield: true
     0 | D:1      | 0 ||| qw: God list: Ru
     0 | D:1      | 0 ||| qw: Allow faded altars: false
     0 | D:1      | 0 ||| qw: Do Orc after D:15 true
     0 | D:1      | 0 ||| qw: Do second Lair branch before Depths: true
     0 | D:1      | 0 ||| qw: Lair rune preference: random
     0 | D:1      | 0 ||| qw: Plans: Normal
     0 | D:1      | 0 ||| PLANNING D:1-11
   173 | D:1      | Reached skill level 3 in Axes
   358 | D:1      | Reached XP level 2. HP: 26/26 MP: 1/1
   494 | D:1      | Found a faded altar of an unknown god.
   751 | D:1      | 751 ||| UPGRADING to +0 cloak.
   756 | D:1      | 756 ||| UPGRADING to +0 chain mail.
   766 | D:1      | 766 ||| DROPPING +0 scale mail.
   767 | D:1      | 767 ||| UPGRADING to +4 ring of protection.
   768 | D:1      | 768 ||| READING scroll labelled XELIEX NIGALO.
   769 | D:1      | 769 ||| READING 2 scrolls labelled SUNNEG XYAMU.
   770 | D:1      | 770 ||| READING 3 scrolls labelled UTEIDGH RAFOLAB.
   775 | D:1      | 775 ||| DROPPING scroll of blinking.
   787 | D:2      | 787 ||| Stepping ~*~*~tactically~*~*~ (stealth).
   831 | D:2      | Reached skill level 4 in Axes
   892 | D:2      | 892 ||| Stepping ~*~*~tactically~*~*~ (stealth).
   897 | D:2      | Reached XP level 3. HP: 31/31 MP: 2/2
   948 | D:2      | Noticed Natasha
   954 | D:2      | Killed Natasha
   955 | D:2      | Reached skill level 5 in Axes
   964 | D:2      | 964 ||| Stepping ~*~*~tactically~*~*~ (stealth).
   978 | D:2      | Reached XP level 4. HP: 39/39 MP: 3/3
  1020 | D:2      | Noticed Natasha
  1026 | D:2      | Killed Natasha
  1027 | D:2      | Reached skill level 1 in Dodging
  1165 | D:2      | Noticed Natasha
  1166 | D:2      | 1166 ||| Stepping ~*~*~tactically~*~*~ (hiding).
  1172 | D:2      | Killed Natasha
  1222 | D:2      | 1222 ||| Stepping ~*~*~tactically~*~*~ (stealth).
  1295 | D:2      | 1295 ||| Stepping ~*~*~tactically~*~*~ (stealth).
  1296 | D:2      | 1296 ||| Stepping ~*~*~tactically~*~*~ (stealth).
  1345 | D:2      | 1345 ||| UPGRADING to ring of see invisible.
  1346 | D:2      | 1346 ||| DRINKING 2 clear potions.
  1347 | D:2      | 1347 ||| DRINKING 2 bubbling amethyst potions.
  1376 | D:2      | 1376 ||| DROPPING potion of degeneration.
  1377 | D:2      | 1377 ||| DROPPING potion of lignification.
  1450 | D:3      | 1450 ||| Stepping ~*~*~tactically~*~*~ (stealth).
  1561 | D:3      | Reached XP level 5. HP: 42/45 MP: 4/4
  1566 | D:3      | Reached skill level 6 in Axes
  1665 | D:3      | 1665 ||| Stepping ~*~*~tactically~*~*~ (hiding).
  1898 | D:3      | 1898 ||| DROPPING amulet of faith.
  2161 | D:3      | 2161 ||| READING scroll labelled ROHUCY PYKH.
  2162 | D:3      | 2162 ||| READING scroll labelled JEESO DEFUPELE.
  2162 | D:3      | Identified a scroll of acquirement
  2162 | D:3      | 2162 ||| ACQUIRING amulet "Rihiapt" {Harm Regen+}
  2162 | D:3      | Acquired the amulet "Rihiapt" {Harm Regen+}
  2164 | D:3      | 2164 ||| READING scroll labelled KAUPASCH SOITT.
  2165 | D:3      | 2165 ||| READING scroll labelled GAUDWE VAHUBUA.
  2166 | D:3      | 2166 ||| READING scroll labelled GAMABOF KIOSH.
  2304 | D:3      | 2304 ||| READING scroll labelled KAJOTYT EVVYR.
  2317 | D:4      | 2317 ||| PLANNING SEWER
  2351 | D:4      | Noticed an ice beast
  2357 | D:4      | Killed an ice beast
  2358 | D:4      | Reached skill level 7 in Axes
  2358 | D:4      | Reached XP level 6. HP: 51/51 MP: 5/5
  2409 | D:4      | 2409 ||| Stepping ~*~*~tactically~*~*~ (stealth).
  2410 | D:4      | 2410 ||| DROPPING +0 mace.
  2417 | D:4      | 2417 ||| Stepping ~*~*~tactically~*~*~ (stealth).
  2428 | D:4      | 2428 ||| READING scroll of enchant weapon.
  2428 | D:4      | 2428 ||| ENCHANTING +1 war axe.
  2437 | D:4      | 2437 ||| Stepping ~*~*~tactically~*~*~ (hiding).
  2553 | D:4      | You fall into a shaft and drop 3 floors!
  2615 | D:7      | Noticed an orc warrior
  2624 | D:7      | Reached skill level 8 in Axes
  2625 | D:7      | HP: 13/52 [orc warrior/+0 trident (4)]
  2625 | D:7      | Noticed an orc warrior
  2626 | D:7      | 2626 ||| READING 3 scrolls of teleportation.
  2626 | D:7      | HP: 3/52 [orc warrior/+0 trident (10)]
  2627 | D:7      | Slain by an orc warrior

Levels and vault maps discovered:
D:1:      wander_arrival_estate, layout_basic,
          ebering_ecumenical_altar_sacrificial
D:2:      minmay_roachtagon, layout_rooms, uniq_natasha
D:3:      layout_loops_corners, serial_glass, glass_columns_a, glass_columns_b,
          minmay_misc_feat_pillars, serial_park_tiny_2, minmay_surrounded
D:4:      layout_loops_cross, lightli_sewer_entry_pipes
D:7:      layout_cave_pods, mainiacjoe_overflow_tiny_flanked, enter_bailey_6,
          serial_glass, glass_columns_b, glass_columns_b

Skill      XL: |  1  2  3  4  5  6 |
---------------+-------------------+-----
Axes           | 3 4 5 7 8 |  8.1
Dodging        | 1 |  1.6
Fighting       | 4 |  4.0
Armour         | |  3.6
Shields        | |  3.6

Action                   |  1- 3 |  4- 6 || total
-------------------------+-------+-------++-------
Melee: War axe           |    43 |    70 ||   113
       Headbutt          |    11 |     9 ||    20
Throw: Boomerang         |    13 |    41 ||    54
  Use: Scroll            |     3 |     8 ||    11
       Potion            |       |     2 ||     2
Armor: Scale mail        |     2 |       ||     2
       Chain mail        |    14 |    30 ||    44
Dodge: Dodged            |    10 |    19 ||    29
Block: Buckler           |     3 |    13 ||    16

Table legend:
 A = Non-vault XP
 B = Vault XP
 C = Vault XP percentage of total XP
 D = Non-vault monster count
 E = Vault monster count
 F = Vault count percentage of total count
                 A         B        C        D         E       F
            +---------+---------+-------+---------+---------+-------
      Total |     480 |     101 |  17.4 |      52 |      13 |  20.0
            +---------+---------+-------+---------+---------+-------
        D:1 |      16 |       0 |   0.0 |       9 |       0 |   0.0
        D:2 |     107 |      54 |  33.5 |      15 |      10 |  40.0
        D:3 |      46 |      47 |  50.5 |      16 |       3 |  15.8
        D:4 |     179 |       0 |   0.0 |       9 |       0 |   0.0
        D:7 |     132 |       0 |   0.0 |       3 |       0 |   0.0
            +---------+---------+-------+---------+---------+-------
